Sharks vs Flames
(R1)
Created - March 3, 2018 at 20:01
Goals
|
| Sharks |
1 |
0 |
2 |
0 |
3 |
| Flames |
2 |
1 |
0 |
1 |
4 |
|
Shots
|
| Sharks |
9 |
11 |
10 |
0 |
30 |
| Flames |
10 |
15 |
10 |
1 |
36 |
|
1st period
1. Sharks , Cal Clutterbuck 12 (Kevin Shattenkirk 50, Frans Nielsen 18) at 3:29
2. Flames , Erik Johnson 9 (Brad Marchand 12, Sami Vatanen 5) at 9:39
3. Flames , Patrik Berglund 22 (Jordin Tootoo 21, Steve Regier 22) at 15:58 (PP)
Penalties :
Brayden McNabb (SJS) for Holding (Minor) at 10:41, Brayden McNabb (SJS) for Roughing (Minor) at 15:25
2nd period
4. Flames , Eric Staal 32 (David Backes 36) at 14:05 (PP)
Penalties :
Frans Nielsen (SJS) for Hooking (Minor) at 3:10, David Legwand (SJS) for Interference (Minor) at 13:51, Patrik Berglund (Cal) for Roughing (Minor) at 18:42
3rd period
5. Sharks , Kevin Shattenkirk 18 (Ryane Clowe 17) at 9:28
6. Sharks , Boris Valabik 4 (Maxim Afinogenov 26) at 19:04
Penalties :
Mikhail Grabovski (Cal) for Holding (Minor) at 2:57, Nick Palmieri (SJS) for Hooking (Minor) at 12:14, Erik Cole (SJS) for Holding (Minor) at 19:26
Overtime #1
7. Flames , Brad Marchand 12 (Steve Eminger 12) at 0:50 (PP)
Penalties :
No Penalty
Goalie Stats
Tyler Weiman (SJS), 32 saves from 36 shots - (0.889), OTL, 10-14-4, 60:36 minutes
Pekka Rinne (Cal), 27 saves from 30 shots - (0.900), W, 23-17-5, 60:50 minutes
Players Stats for Sharks
Player Name G A P +/- PIM S H SB GA TA FO MP PP MP PK MP
------------------------------------------------------------------------------------
Boris Valabik 1 0 1 0 0 1 2 1 0 0 0/0 15:31 0:00 0:00
Brayden McNabb 0 0 0 0 4 1 0 2 0 0 0/0 11:13 0:00 0:00
Cal Clutterbuck 1 0 1 2 0 3 2 0 1 0 1/2 15:45 1:23 0:00
Chris Campoli 0 0 0 0 0 0 1 1 0 1 0/0 14:22 0:54 2:29
Damien Brunner 0 0 0 0 0 2 1 0 0 0 1/2 7:20 0:02 2:02
David Legwand 0 0 0 1 2 1 2 1 2 0 19/37 24:28 2:33 4:46
Erik Cole 0 0 0 0 2 0 0 0 0 0 0/0 5:43 0:00 0:59
Frans Nielsen 0 1 1 2 2 1 1 2 1 0 7/18 20:49 1:23 1:04
Kevin Shattenkirk 1 1 2 2 0 6 1 1 0 0 0/0 31:31 3:04 5:38
Mark Stuart 0 0 0 2 0 1 3 3 1 0 0/0 30:57 3:04 5:38
Maxim Afinogenov 0 1 1 1 0 4 3 0 0 0 0/1 21:51 2:33 1:53
Milan Michalek 0 0 0 1 0 2 0 2 1 0 0/2 23:57 2:33 4:25
Nick Palmieri 0 0 0 -1 2 1 2 0 1 0 0/0 12:55 0:02 0:00
Oskar Osala 0 0 0 0 0 0 0 0 0 0 0/0 0:56 0:02 0:00
Rob Schremp 0 0 0 -1 0 2 0 0 0 0 0/0 12:04 0:00 0:15
Ryane Clowe 0 1 1 2 0 3 3 2 0 0 0/0 15:47 1:23 0:00
Steve Montador 0 0 0 0 0 0 1 0 0 2 0/0 18:09 0:54 2:29
T.J. Hensick 0 0 0 -1 0 2 1 0 0 0 3/6 11:49 0:00 0:00
Players Stats for Flames
Player Name G A P +/- PIM S H SB GA TA FO MP PP MP PK MP
------------------------------------------------------------------------------------
Alexander Semin 0 0 0 -1 0 0 1 1 0 0 1/1 20:57 4:36 2:02
Brad Marchand 1 1 2 1 0 1 0 0 0 0 1/1 11:26 0:00 0:52
Brendan Mikkelson 0 0 0 0 0 0 0 0 0 0 0/0 14:54 3:02 0:00
Colin Wilson 0 0 0 0 0 2 2 0 0 0 3/3 9:21 0:00 0:37
David Backes 0 1 1 -1 0 2 0 0 0 1 0/1 18:18 4:36 0:00
Derek Meech 0 0 0 -1 0 2 0 2 0 0 0/0 18:17 4:15 0:59
Eric Staal 1 0 1 -1 0 6 2 0 1 1 13/30 24:00 4:36 1:55
Erik Johnson 1 0 1 0 0 3 1 1 0 2 0/0 23:57 4:15 0:59
Jonathan Ferland 0 0 0 1 0 0 1 0 0 0 0/0 9:02 0:00 0:00
Jordin Tootoo 0 1 1 0 0 4 1 0 0 0 1/1 16:39 2:41 1:35
Marcus Nilson 0 0 0 -2 0 1 2 0 2 0 1/1 13:37 0:00 0:00
Michel Ouellet 0 0 0 -2 0 3 0 0 0 0 1/3 13:36 0:00 0:00
Mikhail Grabovski 0 0 0 1 2 1 1 0 0 0 6/9 11:52 0:00 0:55
Patrik Berglund 1 0 1 -2 2 3 4 0 0 0 10/18 16:43 2:41 0:00
Ron Hainsey 0 0 0 -2 0 4 0 1 0 1 0/0 25:01 3:02 2:59
Sami Vatanen 0 1 1 1 0 2 2 1 0 1 0/0 17:32 0:00 0:00
Steve Eminger 0 1 1 -2 0 0 0 0 0 1 0/0 21:59 0:00 2:59
Steve Regier 0 1 1 0 0 2 0 0 0 0 0/0 12:09 2:41 0:00
3 Stars
1 - Kevin Shattenkirk (SJS)
2 - Brad Marchand (Cal)
3 - Cal Clutterbuck (SJS)
Power Play
Sharks - 0 on 2 Attempt(s) - 0.00%
Flames - 3 on 6 Attempt(s) - 50.00%
Penalty Kill
Sharks - 3 on 6 Attempt(s) - 50.00%
- Score 0 goal in Penalty Kill
Flames - 2 on 2 Attempt(s) - 100.00%
- Score 0 goal in Penalty Kill
Team Stat
Sharks - Hits : 23 - Faceoff Wins : 31 - Blocked Shots : 15 - Penalty Minutes : 12
Flames - Hits : 17 - Faceoff Wins : 37 - Blocked Shots : 6 - Penalty Minutes : 4
Official
Referees : Morton Dean and Kozari Steve
Linesman : David Brisebois and Brad Kovachik
Game Notes
No Game Note
Finance
Level 1 -- Attendance: 4642 (77.37%) -- Ticket Income $422,422
Level 2 -- Attendance: 4134 (82.68%) -- Ticket Income $235,638
Level 3 -- Attendance: 1670 (83.50%) -- Ticket Income $63,460
Level 4 -- Attendance: 3259 (81.48%) -- Ticket Income $91,252
Luxury Box -- Attendance: 833 (83.30%) -- Ticket Income $136,612
Game was played at the Metal Center.
Total Attendance: 14538 (80.77%)
Total Ticket Income: $949,384
Other Income: $142,408
Total Income: $1,091,792
Sharks
5 vs 5 Forward
Center Left Wing Right Wing Time % Phy DF OF
1 David Legwand Milan Michalek Maxim Afinogenov 40 1 1 3
2 Frans Nielsen Ryane Clowe Cal Clutterbuck 30 2 1 2
3 T.J. Hensick Rob Schremp Nick Palmieri 20 2 1 2
4 Frans Nielsen Erik Cole Damien Brunner 10 2 1 2
5 vs 5 Defense
Defense Defense Time % Phy DF OF
1 Kevin Shattenkirk Mark Stuart 40 2 1 2
2 Steve Montador Boris Valabik 30 2 1 2
3 Chris Campoli Brayden McNabb 20 2 1 2
4 Kevin Shattenkirk Mark Stuart 10 2 1 2
PowerPlay Forward
Center Left Wing Right Wing Time % Phy DF OF
1 David Legwand Milan Michalek Maxim Afinogenov 60 2 0 3
2 Frans Nielsen Ryane Clowe Cal Clutterbuck 40 2 0 3
PowerPlay Defense
Defense Defense Time % Phy DF OF
1 Kevin Shattenkirk Mark Stuart 60 1 1 3
2 Steve Montador Chris Campoli 40 1 1 3
Penalty Kill 4 Players Forward
Center Wing Time % Phy DF OF
1 David Legwand Milan Michalek 60 2 3 0
2 Frans Nielsen Maxim Afinogenov 40 2 3 0
Penalty Kill 4 Players Defense
Defense Defense Time % Phy DF OF
1 Kevin Shattenkirk Mark Stuart 60 2 3 0
2 Chris Campoli Steve Montador 40 2 3 0
Penalty Kill - 3 Players Forward
Forward Time % Phy DF OF
1 David Legwand 60 1 4 0
2 Milan Michalek 40 1 4 0
Penalty Kill - 3 Players Defense
Defense Defense Time % Phy DF OF
1 Kevin Shattenkirk Mark Stuart 60 1 4 0
2 Chris Campoli Steve Montador 40 1 4 0
4 vs 4 Forward
Center Wing Time % Phy DF OF
1 David Legwand Milan Michalek 60 1 1 3
2 Erik Cole Maxim Afinogenov 40 1 1 3
4 vs 4 Defense
Defense Defense Time % Phy DF OF
1 Kevin Shattenkirk Mark Stuart 60 2 1 2
2 Brayden McNabb Steve Montador 40 2 1 2
Last Minutes Offensive
Center Left Wing Right Wing Defense Defense
David Legwand Milan Michalek Maxim Afinogenov Kevin Shattenkirk Mark Stuart
Last Minutes Defensive
Center Left Wing Right Wing Defense Defense
Frans Nielsen Milan Michalek Maxim Afinogenov Chris Campoli Steve Montador
Goaltenders
Starting : Tyler Weiman
Backup : Brent Krahn
Extra Forwards
Normal : Oskar Osala, Nick Palmieri, Damien Brunner - PP : Oskar Osala, Nick Palmieri - PK : Damien Brunner
Extra Defensemen
Normal : Chris Campoli, Boris Valabik, Brayden McNabb - PP : Boris Valabik - PK : Chris Campoli, Brayden McNabb
Penalty Shots
Rob Schremp, Milan Michalek, Maxim Afinogenov, T.J. Hensick, Frans Nielsen
Scratches
Andrej Sekera (Healthy), Martin Erat (Healthy), Patrick O'Sullivan (Healthy), Patrik Elias (Healthy), Justin Pogge (Healthy)
Flames
5 vs 5 Forward
Center Left Wing Right Wing Time % Phy DF OF
1 Eric Staal Alexander Semin David Backes 40 0 2 3
2 Patrik Berglund Marcus Nilson Michel Ouellet 33 0 2 3
3 Colin Wilson Steve Regier Jordin Tootoo 19 0 2 3
4 Mikhail Grabovski Brad Marchand Jonathan Ferland 8 0 3 2
5 vs 5 Defense
Defense Defense Time % Phy DF OF
1 Sami Vatanen Erik Johnson 38 1 2 2
2 Ron Hainsey Steve Eminger 29 1 2 2
3 Derek Meech Brendan Mikkelson 23 1 2 2
4 Ron Hainsey Steve Eminger 10 1 2 2
PowerPlay Forward
Center Left Wing Right Wing Time % Phy DF OF
1 Eric Staal Alexander Semin David Backes 60 1 1 3
2 Patrik Berglund Steve Regier Jordin Tootoo 40 1 1 3
PowerPlay Defense
Defense Defense Time % Phy DF OF
1 Derek Meech Erik Johnson 60 1 1 3
2 Ron Hainsey Brendan Mikkelson 40 1 1 3
Penalty Kill 4 Players Forward
Center Wing Time % Phy DF OF
1 Mikhail Grabovski Alexander Semin 50 1 3 1
2 Eric Staal Jordin Tootoo 50 1 3 1
Penalty Kill 4 Players Defense
Defense Defense Time % Phy DF OF
1 Ron Hainsey Steve Eminger 58 1 3 1
2 Derek Meech Erik Johnson 42 1 3 1
Penalty Kill - 3 Players Forward
Forward Time % Phy DF OF
1 Eric Staal 50 1 3 1
2 Alexander Semin 50 1 3 1
Penalty Kill - 3 Players Defense
Defense Defense Time % Phy DF OF
1 Ron Hainsey Steve Eminger 58 1 3 1
2 Derek Meech Erik Johnson 42 1 3 1
4 vs 4 Forward
Center Wing Time % Phy DF OF
1 Eric Staal Alexander Semin 60 1 2 2
2 Patrik Berglund Jordin Tootoo 40 1 2 2
4 vs 4 Defense
Defense Defense Time % Phy DF OF
1 Derek Meech Erik Johnson 60 1 2 2
2 Ron Hainsey Steve Eminger 40 1 2 2
Last Minutes Offensive
Center Left Wing Right Wing Defense Defense
Eric Staal Alexander Semin David Backes Sami Vatanen Erik Johnson
Last Minutes Defensive
Center Left Wing Right Wing Defense Defense
Eric Staal Alexander Semin David Backes Derek Meech Erik Johnson
Goaltenders
Starting : Pekka Rinne
Backup : Josh Harding
Extra Forwards
Normal : Brad Marchand, Jordin Tootoo, Patrik Berglund - PP : Brad Marchand, Jordin Tootoo - PK : Brad Marchand
Extra Defensemen
Normal : Derek Meech, Steve Eminger, Brendan Mikkelson - PP : Derek Meech - PK : Erik Johnson, Brendan Mikkelson
Penalty Shots
Eric Staal, Alexander Semin, David Backes, Patrik Berglund, Colin Wilson
Scratches
Lubomir Visnovsky (Healthy)
% Time on Ice - Sharks
Lines # - Real PCT - Wanted PCT - Time Play
Normal Forward
1 - 35% - 40% - 17:15
2 - 31% - 30% - 15:09
3 - 24% - 20% - 11:49
4 - 9% - 10% - 4:23
Normal Defense
1 - 41% - 40% - 19:50
2 - 31% - 30% - 15:12
3 - 23% - 20% - 11:10
4 - 5% - 10% - 2:24
PP Forward
1 - 65% - 60% - 2:35
2 - 35% - 40% - 1:23
PP Defense
1 - 77% - 60% - 3:04
2 - 23% - 40% - 0:54
PK Forward
1 - 74% - 60% - 5:24
2 - 26% - 40% - 1:53
PK Defense
1 - 66% - 60% - 4:48
2 - 34% - 40% - 2:29
PK3 Forward
1 - 100% - 60% - 0:50
2 - 0% - 40% - 0:00
PK3 Defense
1 - 100% - 60% - 0:50
2 - 0% - 40% - 0:00
44 Forward
1 - 0% - 60%
2 - 0% - 40%
44 Defense
1 - 0% - 60%
2 - 0% - 40%
Last Minute Offensive - 0:09
Last Minute Defensive - 0:00
Total
Forward - 60:50
Defense - 60:50
|
% Time on Ice - Flames
Lines # - Real PCT - Wanted PCT - Time Play
Normal Forward
1 - 26% - 40% - 12:30
2 - 40% - 33% - 19:23
3 - 18% - 19% - 8:44
4 - 16% - 8% - 8:00
Normal Defense
1 - 41% - 38% - 19:51
2 - 30% - 29% - 14:33
3 - 23% - 23% - 11:02
4 - 7% - 10% - 3:11
PP Forward
1 - 63% - 60% - 4:36
2 - 37% - 40% - 2:41
PP Defense
1 - 58% - 60% - 4:15
2 - 42% - 40% - 3:02
PK Forward
1 - 60% - 50% - 2:23
2 - 40% - 50% - 1:35
PK Defense
1 - 75% - 58% - 2:59
2 - 25% - 42% - 0:59
PK3 Forward
1 - 0% - 50%
2 - 0% - 50%
PK3 Defense
1 - 0% - 58%
2 - 0% - 42%
44 Forward
1 - 100% - 60% - 0:50
2 - 0% - 40% - 0:00
44 Defense
1 - 58% - 60% - 0:29
2 - 42% - 40% - 0:21
Last Minute Offensive - 0:00
Last Minute Defensive - 0:08
Total
Forward - 60:50
Defense - 60:50
|
Play by Play
1st period
0:01 of 1st period - Eric Staal wins face-off versus Maxim Afinogenov in neutral zone.
0:09 of 1st period - Milan Michalek is hit by Sami Vatanen and loses puck.
0:26 of 1st period - Sami Vatanen is hit by Ryane Clowe and loses puck.
1:19 of 1st period - Milan Michalek is hit by Mikhail Grabovski and loses puck.
1:33 of 1st period - Icing by Brad Marchand.
1:34 of 1st period - Eric Staal wins face-off versus Frans Nielsen in Flames zone.
1:34 of 1st period - Eric Staal is hit by Damien Brunner.
2:02 of 1st period - Derek Meech is hit by T.J. Hensick and loses puck.
2:07 of 1st period - Slapshot by Rob Schremp.
2:07 of 1st period - Shot Misses the Net.
2:09 of 1st period - Snap shot by T.J. Hensick.
2:09 of 1st period - Shot Misses the Net.
2:11 of 1st period - Snap shot by T.J. Hensick.
2:11 of 1st period - Shot Blocked by Derek Meech.
3:10 of 1st period - Mark Stuart is hit by Jonathan Ferland.
3:25 of 1st period - Off-side.
3:26 of 1st period - Frans Nielsen wins face-off versus Patrik Berglund in neutral zone.
3:29 of 1st period - Slapshot by Kevin Shattenkirk.
3:29 of 1st period - Deflect By Cal Clutterbuck.
3:29 of 1st period - Goal by Cal Clutterbuck - Sharks : 1 - Flames : 0.
3:30 of 1st period - Frans Nielsen wins face-off versus Eric Staal in neutral zone.
3:33 of 1st period - Snap shot by Ryane Clowe.
3:33 of 1st period - Deflect By Cal Clutterbuck.
3:33 of 1st period - Shot Blocked by Ron Hainsey.
3:33 of 1st period - Puck is out of play.
3:34 of 1st period - Eric Staal wins face-off versus Cal Clutterbuck in Flames zone.
3:34 of 1st period - Eric Staal is hit by Ryane Clowe.
3:44 of 1st period - Wrist shot by Alexander Semin.
3:44 of 1st period - Shot Blocked by Ryane Clowe.
4:44 of 1st period - Wrist shot by Steve Regier.
4:44 of 1st period - Shot Misses the Net.
4:46 of 1st period - Slapshot by Ron Hainsey.
4:46 of 1st period - Shot Misses the Net.
4:48 of 1st period - Slapshot by Steve Regier.
4:48 of 1st period - Stopped by Tyler Weiman without a rebound.
4:49 of 1st period - Patrik Berglund wins face-off versus David Legwand in Sharks zone.
5:45 of 1st period - Wrist shot by Mikhail Grabovski.
5:45 of 1st period - Stopped by Tyler Weiman without a rebound.
5:46 of 1st period - T.J. Hensick wins face-off versus Patrik Berglund in Sharks zone.
5:51 of 1st period - Slapshot by T.J. Hensick.
5:51 of 1st period - Stopped by Pekka Rinne without a rebound.
5:52 of 1st period - Patrik Berglund wins face-off versus T.J. Hensick in Flames zone.
6:39 of 1st period - Off-side.
6:40 of 1st period - Jordin Tootoo wins face-off versus Frans Nielsen in neutral zone.
6:43 of 1st period - Wrist shot by Colin Wilson.
6:43 of 1st period - Stopped by Tyler Weiman with a rebound.
7:13 of 1st period - Slapshot by Milan Michalek.
7:13 of 1st period - Stopped by Pekka Rinne with a rebound.
7:15 of 1st period - Snap shot by Milan Michalek.
7:15 of 1st period - Shot Misses the Net.
7:40 of 1st period - Wrist shot by David Backes.
7:40 of 1st period - Shot Misses the Net.
8:01 of 1st period - Icing by Brendan Mikkelson.
8:02 of 1st period - Mikhail Grabovski wins face-off versus David Legwand in Flames zone.
9:39 of 1st period - Wrist shot by Erik Johnson.
9:39 of 1st period - Goal by Erik Johnson - Sharks : 1 - Flames : 1.
9:40 of 1st period - David Legwand wins face-off versus Eric Staal in neutral zone.
10:33 of 1st period - Backhand shot by Steve Regier.
10:33 of 1st period - Shot Blocked by David Legwand.
10:35 of 1st period - Slapshot by Ron Hainsey.
10:35 of 1st period - Shot Blocked by Chris Campoli.
10:41 of 1st period - Minor Penalty to Brayden McNabb for Holding.
10:42 of 1st period - David Legwand wins face-off versus Eric Staal in Sharks zone.
11:18 of 1st period - Snap shot by Jordin Tootoo.
11:18 of 1st period - Shot Misses the Net.
11:20 of 1st period - Slapshot by Patrik Berglund.
11:20 of 1st period - Shot Misses the Net.
11:22 of 1st period - Slapshot by Erik Johnson.
11:22 of 1st period - Shot Blocked by Mark Stuart.
11:36 of 1st period - Maxim Afinogenov is hit by Eric Staal and loses puck.
11:53 of 1st period - Snap shot by Damien Brunner.
11:53 of 1st period - Stopped by Pekka Rinne without a rebound.
11:54 of 1st period - Patrik Berglund wins face-off versus Damien Brunner in Flames zone.
12:41 of 1st period - Penalty to Brayden McNabb is over, Brayden McNabb is back on ice.
12:55 of 1st period - Slapshot by Kevin Shattenkirk.
12:55 of 1st period - Shot Blocked by Erik Johnson.
12:58 of 1st period - Icing by Erik Johnson.
12:59 of 1st period - Frans Nielsen wins face-off versus Mikhail Grabovski in Flames zone.
13:06 of 1st period - Backhand shot by Ryane Clowe.
13:06 of 1st period - Stopped by Pekka Rinne with a rebound.
13:08 of 1st period - Wrist shot by Cal Clutterbuck.
13:08 of 1st period - Stopped by Pekka Rinne with a rebound.
13:24 of 1st period - Slapshot by Michel Ouellet.
13:24 of 1st period - Stopped by Tyler Weiman without a rebound.
13:25 of 1st period - Patrik Berglund wins face-off versus David Legwand in Sharks zone.
13:40 of 1st period - Steve Eminger is hit by David Legwand and loses puck.
14:14 of 1st period - Wrist shot by Ryane Clowe.
14:14 of 1st period - Deflect By Nick Palmieri.
14:14 of 1st period - Stopped by Pekka Rinne with a rebound.
14:37 of 1st period - Wrist shot by David Legwand.
14:37 of 1st period - Shot Misses the Net.
15:25 of 1st period - Minor Penalty to Brayden McNabb for Roughing.
15:26 of 1st period - David Legwand wins face-off versus Eric Staal in Sharks zone.
15:34 of 1st period - Wrist shot by David Backes.
15:34 of 1st period - Shot Blocked by Mark Stuart.
15:36 of 1st period - Wrist shot by David Backes.
15:36 of 1st period - Stopped by Tyler Weiman with a rebound.
15:58 of 1st period - Wrist shot by Jordin Tootoo.
15:58 of 1st period - Deflect By Patrik Berglund.
15:58 of 1st period - Goal by Patrik Berglund - Sharks : 1 - Flames : 2.
15:59 of 1st period - Eric Staal wins face-off versus David Legwand in neutral zone.
16:04 of 1st period - Slapshot by Eric Staal.
16:04 of 1st period - Shot Misses the Net.
16:06 of 1st period - Wrist shot by Eric Staal.
16:06 of 1st period - Stopped by Tyler Weiman with a rebound.
16:08 of 1st period - Wrist shot by Alexander Semin.
16:08 of 1st period - Shot Misses the Net.
16:33 of 1st period - Wrist shot by T.J. Hensick.
16:33 of 1st period - Stopped by Pekka Rinne with a rebound.
16:53 of 1st period - Cal Clutterbuck is hit by Colin Wilson and loses puck.
17:08 of 1st period - Backhand shot by Erik Johnson.
17:08 of 1st period - Stopped by Tyler Weiman with a rebound.
17:19 of 1st period - Eric Staal is hit by Maxim Afinogenov.
17:37 of 1st period - Slapshot by Erik Johnson.
17:37 of 1st period - Shot Misses the Net.
17:39 of 1st period - Slapshot by Erik Johnson.
17:39 of 1st period - Stopped by Tyler Weiman with a rebound.
18:31 of 1st period - Backhand shot by Cal Clutterbuck.
18:31 of 1st period - Shot Misses the Net.
18:33 of 1st period - Snap shot by Cal Clutterbuck.
18:33 of 1st period - Stopped by Pekka Rinne without a rebound.
18:34 of 1st period - Eric Staal wins face-off versus Frans Nielsen in Flames zone.
18:55 of 1st period - David Legwand is hit by Patrik Berglund and loses puck.
19:42 of 1st period - Cal Clutterbuck is hit by Eric Staal and loses puck.
Goals for this period are 1 for Sharks vs 2 for Flames.
Shots for this period are 9 for Sharks vs 10 for Flames.
2nd period
0:01 of 2nd period - David Legwand wins face-off versus Eric Staal in neutral zone.
0:04 of 2nd period - Snap shot by Milan Michalek.
0:04 of 2nd period - Shot Misses the Net.
0:28 of 2nd period - Slapshot by Maxim Afinogenov.
0:28 of 2nd period - Stopped by Pekka Rinne without a rebound.
0:29 of 2nd period - Michel Ouellet wins face-off versus Frans Nielsen in Flames zone.
1:05 of 2nd period - Snap shot by David Backes.
1:05 of 2nd period - Stopped by Tyler Weiman with a rebound.
1:32 of 2nd period - Off-side.
1:33 of 2nd period - Patrik Berglund wins face-off versus Milan Michalek in neutral zone.
1:36 of 2nd period - Snap shot by Marcus Nilson.
1:36 of 2nd period - Shot Blocked by Milan Michalek.
1:38 of 2nd period - Slapshot by Ron Hainsey.
1:38 of 2nd period - Stopped by Tyler Weiman without a rebound.
1:39 of 2nd period - David Legwand wins face-off versus Michel Ouellet in Sharks zone.
1:51 of 2nd period - Patrik Berglund is hit by Kevin Shattenkirk.
1:59 of 2nd period - Wrist shot by Maxim Afinogenov.
1:59 of 2nd period - Stopped by Pekka Rinne without a rebound.
2:00 of 2nd period - Eric Staal wins face-off versus Frans Nielsen in Flames zone.
3:10 of 2nd period - Minor Penalty to Frans Nielsen for Hooking.
3:11 of 2nd period - David Legwand wins face-off versus David Backes in Sharks zone.
3:17 of 2nd period - Snap shot by David Legwand.
3:17 of 2nd period - Stopped by Pekka Rinne without a rebound.
3:18 of 2nd period - David Legwand wins face-off versus Eric Staal in Flames zone.
3:27 of 2nd period - Wrist shot by Alexander Semin.
3:27 of 2nd period - Shot Misses the Net.
3:51 of 2nd period - Wrist shot by Alexander Semin.
3:51 of 2nd period - Shot Misses the Net.
3:53 of 2nd period - Slapshot by Ron Hainsey.
3:53 of 2nd period - Stopped by Tyler Weiman with a rebound.
4:33 of 2nd period - Wrist shot by Eric Staal.
4:33 of 2nd period - Stopped by Tyler Weiman without a rebound.
4:34 of 2nd period - Patrik Berglund wins face-off versus David Legwand in Sharks zone.
4:35 of 2nd period - Snap shot by Steve Regier.
4:35 of 2nd period - Shot Misses the Net.
4:37 of 2nd period - Slapshot by Derek Meech.
4:37 of 2nd period - Stopped by Tyler Weiman with a rebound.
5:10 of 2nd period - Penalty to Frans Nielsen is over, Frans Nielsen is back on ice.
5:42 of 2nd period - Snap shot by Marcus Nilson.
5:42 of 2nd period - Shot Misses the Net.
5:58 of 2nd period - Snap shot by Damien Brunner.
5:58 of 2nd period - Stopped by Pekka Rinne without a rebound.
5:59 of 2nd period - Patrik Berglund wins face-off versus T.J. Hensick in Flames zone.
6:20 of 2nd period - Icing by Mikhail Grabovski.
6:21 of 2nd period - Mikhail Grabovski wins face-off versus David Legwand in Flames zone.
6:21 of 2nd period - Mikhail Grabovski is hit by Maxim Afinogenov.
6:31 of 2nd period - Slapshot by Kevin Shattenkirk.
6:31 of 2nd period - Shot Misses the Net.
6:33 of 2nd period - Slapshot by Milan Michalek.
6:33 of 2nd period - Shot Misses the Net.
6:35 of 2nd period - Slapshot by Milan Michalek.
6:35 of 2nd period - Shot Misses the Net.
6:37 of 2nd period - Slapshot by Mark Stuart.
6:37 of 2nd period - Deflect By Milan Michalek.
6:37 of 2nd period - Shot Blocked by Derek Meech.
6:37 of 2nd period - Puck is out of play.
6:38 of 2nd period - Frans Nielsen wins face-off versus Eric Staal in Flames zone.
6:49 of 2nd period - Snap shot by Eric Staal.
6:49 of 2nd period - Shot Blocked by Ryane Clowe.
6:51 of 2nd period - Snap shot by Ron Hainsey.
6:51 of 2nd period - Stopped by Tyler Weiman with a rebound.
6:53 of 2nd period - Wrist shot by David Backes.
6:53 of 2nd period - Shot Blocked by Frans Nielsen.
7:13 of 2nd period - Snap shot by Marcus Nilson.
7:13 of 2nd period - Shot Blocked by Boris Valabik.
7:15 of 2nd period - Slapshot by Derek Meech.
7:15 of 2nd period - Deflect By Patrik Berglund.
7:15 of 2nd period - Stopped by Tyler Weiman without a rebound.
7:16 of 2nd period - David Legwand wins face-off versus Eric Staal in Sharks zone.
7:23 of 2nd period - Snap shot by Alexander Semin.
7:23 of 2nd period - Deflect By Eric Staal.
7:23 of 2nd period - Shot Blocked by Milan Michalek.
7:23 of 2nd period - Puck is out of play.
7:24 of 2nd period - David Legwand wins face-off versus Eric Staal in Sharks zone.
8:30 of 2nd period - Off-side.
8:31 of 2nd period - Marcus Nilson wins face-off versus Frans Nielsen in neutral zone.
8:36 of 2nd period - Snap shot by Marcus Nilson.
8:36 of 2nd period - Shot Misses the Net.
9:05 of 2nd period - Slapshot by Chris Campoli.
9:05 of 2nd period - Shot Misses the Net.
9:07 of 2nd period - Snap shot by Frans Nielsen.
9:07 of 2nd period - Shot Misses the Net.
9:09 of 2nd period - Slapshot by Ryane Clowe.
9:09 of 2nd period - Stopped by Pekka Rinne without a rebound.
9:10 of 2nd period - T.J. Hensick wins face-off versus Patrik Berglund in Flames zone.
9:35 of 2nd period - Erik Cole is hit by Colin Wilson.
9:58 of 2nd period - Wrist shot by Mikhail Grabovski.
9:58 of 2nd period - Shot Misses the Net.
10:29 of 2nd period - Slapshot by Patrik Berglund.
10:29 of 2nd period - Shot Blocked by Brayden McNabb.
10:41 of 2nd period - Slapshot by Sami Vatanen.
10:41 of 2nd period - Stopped by Tyler Weiman without a rebound.
10:42 of 2nd period - Colin Wilson wins face-off versus Frans Nielsen in Sharks zone.
10:57 of 2nd period - Slapshot by Steve Regier.
10:57 of 2nd period - Deflect By Jordin Tootoo.
10:57 of 2nd period - Stopped by Tyler Weiman with a rebound.
11:09 of 2nd period - David Backes is hit by Boris Valabik and loses puck.
11:28 of 2nd period - Snap shot by Marcus Nilson.
11:28 of 2nd period - Stopped by Tyler Weiman without a rebound.
11:29 of 2nd period - David Legwand wins face-off versus Michel Ouellet in Sharks zone.
11:54 of 2nd period - Derek Meech is hit by Cal Clutterbuck and loses puck.
12:17 of 2nd period - Steve Eminger is hit by Nick Palmieri and loses puck.
12:24 of 2nd period - Slapshot by Colin Wilson.
12:24 of 2nd period - Stopped by Tyler Weiman without a rebound.
12:25 of 2nd period - David Legwand wins face-off versus Patrik Berglund in Sharks zone.
13:01 of 2nd period - David Backes is hit by Steve Montador and loses puck.
13:14 of 2nd period - Jordin Tootoo is hit by Boris Valabik and loses puck.
13:38 of 2nd period - Icing by Michel Ouellet.
13:39 of 2nd period - David Legwand wins face-off versus Patrik Berglund in Flames zone.
13:40 of 2nd period - Slapshot by Kevin Shattenkirk.
13:40 of 2nd period - Stopped by Pekka Rinne with a rebound.
13:51 of 2nd period - Minor Penalty to David Legwand for Interference.
13:52 of 2nd period - Damien Brunner wins face-off versus Eric Staal in Sharks zone.
14:05 of 2nd period - Snap shot by Eric Staal.
14:05 of 2nd period - Deflect By Mark Stuart.
14:05 of 2nd period - Goal by Eric Staal - Sharks : 1 - Flames : 3.
14:06 of 2nd period - David Legwand wins face-off versus Eric Staal in neutral zone.
14:31 of 2nd period - Frans Nielsen is hit by Patrik Berglund and loses puck.
14:42 of 2nd period - Slapshot by Michel Ouellet.
14:42 of 2nd period - Stopped by Tyler Weiman with a rebound.
15:37 of 2nd period - Boris Valabik is hit by Marcus Nilson and loses puck.
16:17 of 2nd period - Wrist shot by Jordin Tootoo.
16:17 of 2nd period - Shot Blocked by Kevin Shattenkirk.
16:37 of 2nd period - Snap shot by Mark Stuart.
16:37 of 2nd period - Deflect By David Backes.
16:37 of 2nd period - Stopped by Pekka Rinne without a rebound.
16:38 of 2nd period - T.J. Hensick wins face-off versus Patrik Berglund in Flames zone.
16:50 of 2nd period - Off-side.
16:51 of 2nd period - David Legwand wins face-off versus Eric Staal in neutral zone.
17:02 of 2nd period - Backhand shot by Maxim Afinogenov.
17:02 of 2nd period - Shot Misses the Net.
17:04 of 2nd period - Snap shot by Maxim Afinogenov.
17:04 of 2nd period - Shot Blocked by Alexander Semin.
17:06 of 2nd period - Snap shot by Milan Michalek.
17:06 of 2nd period - Stopped by Pekka Rinne with a rebound.
17:16 of 2nd period - Boris Valabik is hit by Erik Johnson.
17:26 of 2nd period - Slapshot by Michel Ouellet.
17:26 of 2nd period - Stopped by Tyler Weiman with a rebound.
18:05 of 2nd period - Off-side.
18:06 of 2nd period - Eric Staal wins face-off versus David Legwand in neutral zone.
18:09 of 2nd period - Milan Michalek is hit by Alexander Semin and loses puck.
18:36 of 2nd period - Slapshot by Chris Campoli.
18:36 of 2nd period - Shot Blocked by Sami Vatanen.
18:38 of 2nd period - Slapshot by Brayden McNabb.
18:38 of 2nd period - Stopped by Pekka Rinne without a rebound.
18:39 of 2nd period - Patrik Berglund wins face-off versus Frans Nielsen in Flames zone.
18:39 of 2nd period - Patrik Berglund is hit by Mark Stuart.
18:42 of 2nd period - Minor Penalty to Patrik Berglund for Roughing.
18:43 of 2nd period - Alexander Semin wins face-off versus David Legwand in Flames zone.
18:53 of 2nd period - Slapshot by Kevin Shattenkirk.
18:53 of 2nd period - Deflect By Maxim Afinogenov.
18:53 of 2nd period - Shot Misses the Net.
18:53 of 2nd period - Puck is out of play.
18:54 of 2nd period - David Legwand wins face-off versus Eric Staal in Flames zone.
19:03 of 2nd period - Snap shot by Kevin Shattenkirk.
19:03 of 2nd period - Stopped by Pekka Rinne without a rebound.
19:04 of 2nd period - Mikhail Grabovski wins face-off versus David Legwand in Flames zone.
19:04 of 2nd period - Mikhail Grabovski is hit by Maxim Afinogenov.
19:26 of 2nd period - Backhand shot by Jordin Tootoo.
19:26 of 2nd period - Stopped by Tyler Weiman without a rebound.
19:27 of 2nd period - Frans Nielsen wins face-off versus Mikhail Grabovski in Sharks zone.
19:36 of 2nd period - Mikhail Grabovski is hit by Mark Stuart and loses puck.
19:41 of 2nd period - Wrist shot by Kevin Shattenkirk.
19:41 of 2nd period - Stopped by Pekka Rinne without a rebound.
19:42 of 2nd period - David Legwand wins face-off versus Eric Staal in Flames zone.
Goals for this period are 0 for Sharks vs 1 for Flames.
Shots for this period are 11 for Sharks vs 15 for Flames.
3rd period
0:01 of 3rd period - Mikhail Grabovski wins face-off versus Milan Michalek in neutral zone.
0:13 of 3rd period - Slapshot by Kevin Shattenkirk.
0:13 of 3rd period - Deflect By Maxim Afinogenov.
0:13 of 3rd period - Stopped by Pekka Rinne with a rebound.
0:18 of 3rd period - Off-side.
0:19 of 3rd period - Eric Staal wins face-off versus Frans Nielsen in neutral zone.
0:29 of 3rd period - Snap shot by Ryane Clowe.
0:29 of 3rd period - Stopped by Pekka Rinne without a rebound.
0:30 of 3rd period - Mikhail Grabovski wins face-off versus David Legwand in Flames zone.
0:30 of 3rd period - Mikhail Grabovski is hit by David Legwand.
0:42 of 3rd period - Penalty to Patrik Berglund is over, Patrik Berglund is back on ice.
0:56 of 3rd period - Patrik Berglund is hit by Mark Stuart and loses puck.
1:01 of 3rd period - Snap shot by Nick Palmieri.
1:01 of 3rd period - Deflect By Rob Schremp.
1:01 of 3rd period - Stopped by Pekka Rinne with a rebound.
1:17 of 3rd period - Snap shot by Eric Staal.
1:17 of 3rd period - Shot Misses the Net.
1:31 of 3rd period - Snap shot by T.J. Hensick.
1:31 of 3rd period - Deflect By Rob Schremp.
1:31 of 3rd period - Stopped by Pekka Rinne without a rebound.
1:32 of 3rd period - Mikhail Grabovski wins face-off versus David Legwand in Flames zone.
1:43 of 3rd period - David Legwand is hit by Sami Vatanen and loses puck.
2:03 of 3rd period - Cal Clutterbuck is hit by Marcus Nilson and loses puck.
2:36 of 3rd period - Snap shot by Steve Regier.
2:36 of 3rd period - Stopped by Tyler Weiman with a rebound.
2:57 of 3rd period - Minor Penalty to Mikhail Grabovski for Holding.
2:58 of 3rd period - Brad Marchand wins face-off versus David Legwand in Flames zone.
4:57 of 3rd period - Penalty to Mikhail Grabovski is over, Mikhail Grabovski is back on ice.
5:01 of 3rd period - Eric Staal is hit by Chris Campoli.
5:27 of 3rd period - Icing by Erik Johnson.
5:28 of 3rd period - Frans Nielsen wins face-off versus Eric Staal in Flames zone.
5:41 of 3rd period - Backhand shot by Eric Staal.
5:41 of 3rd period - Stopped by Tyler Weiman with a rebound.
5:43 of 3rd period - Snap shot by Eric Staal.
5:43 of 3rd period - Shot Misses the Net.
6:03 of 3rd period - Snap shot by Eric Staal.
6:03 of 3rd period - Shot Blocked by Mark Stuart.
6:05 of 3rd period - Slapshot by Sami Vatanen.
6:05 of 3rd period - Stopped by Tyler Weiman with a rebound.
6:07 of 3rd period - Slapshot by Sami Vatanen.
6:07 of 3rd period - Shot Misses the Net.
6:39 of 3rd period - Slapshot by Eric Staal.
6:39 of 3rd period - Stopped by Tyler Weiman with a rebound.
6:53 of 3rd period - Slapshot by Eric Staal.
6:53 of 3rd period - Shot Misses the Net.
7:14 of 3rd period - Snap shot by Kevin Shattenkirk.
7:14 of 3rd period - Deflect By Mikhail Grabovski.
7:14 of 3rd period - Stopped by Pekka Rinne without a rebound.
7:15 of 3rd period - Cal Clutterbuck wins face-off versus Patrik Berglund in Flames zone.
7:28 of 3rd period - Wrist shot by Frans Nielsen.
7:28 of 3rd period - Stopped by Pekka Rinne without a rebound.
7:29 of 3rd period - Frans Nielsen wins face-off versus Patrik Berglund in Flames zone.
7:30 of 3rd period - Snap shot by Cal Clutterbuck.
7:30 of 3rd period - Shot Misses the Net.
7:40 of 3rd period - Slapshot by Patrik Berglund.
7:40 of 3rd period - Shot Blocked by Frans Nielsen.
7:42 of 3rd period - Slapshot by Ron Hainsey.
7:42 of 3rd period - Stopped by Tyler Weiman with a rebound.
7:44 of 3rd period - Snap shot by Marcus Nilson.
7:44 of 3rd period - Shot Blocked by Brayden McNabb.
8:11 of 3rd period - Snap shot by Brad Marchand.
8:11 of 3rd period - Deflect By Rob Schremp.
8:11 of 3rd period - Shot Misses the Net.
8:11 of 3rd period - Puck is out of play.
8:12 of 3rd period - Patrik Berglund wins face-off versus Frans Nielsen in Sharks zone.
8:17 of 3rd period - Slapshot by Patrik Berglund.
8:17 of 3rd period - Stopped by Tyler Weiman with a rebound.
8:44 of 3rd period - Icing by Ron Hainsey.
8:45 of 3rd period - Colin Wilson wins face-off versus David Legwand in Flames zone.
9:28 of 3rd period - Slapshot by Kevin Shattenkirk.
9:28 of 3rd period - Goal by Kevin Shattenkirk - Sharks : 2 - Flames : 3.
9:29 of 3rd period - Patrik Berglund wins face-off versus David Legwand in neutral zone.
9:55 of 3rd period - Wrist shot by Eric Staal.
9:55 of 3rd period - Stopped by Tyler Weiman with a rebound.
10:21 of 3rd period - Slapshot by Jordin Tootoo.
10:21 of 3rd period - Stopped by Tyler Weiman without a rebound.
10:22 of 3rd period - David Legwand wins face-off versus Eric Staal in Sharks zone.
10:56 of 3rd period - Slapshot by Derek Meech.
10:56 of 3rd period - Stopped by Tyler Weiman without a rebound.
10:57 of 3rd period - Eric Staal wins face-off versus David Legwand in Sharks zone.
11:00 of 3rd period - Wrist shot by Eric Staal.
11:00 of 3rd period - Shot Misses the Net.
11:22 of 3rd period - Michel Ouellet is hit by Ryane Clowe and loses puck.
11:45 of 3rd period - Snap shot by Jordin Tootoo.
11:45 of 3rd period - Stopped by Tyler Weiman without a rebound.
11:46 of 3rd period - Eric Staal wins face-off versus T.J. Hensick in Sharks zone.
12:14 of 3rd period - Minor Penalty to Nick Palmieri for Hooking.
12:15 of 3rd period - Eric Staal wins face-off versus David Legwand in Sharks zone.
12:48 of 3rd period - David Legwand is hit by Jordin Tootoo.
13:25 of 3rd period - David Backes is hit by Frans Nielsen and loses puck.
13:44 of 3rd period - Milan Michalek is hit by Patrik Berglund and loses puck.
14:14 of 3rd period - Penalty to Nick Palmieri is over, Nick Palmieri is back on ice.
15:15 of 3rd period - Alexander Semin is hit by Cal Clutterbuck and loses puck.
17:24 of 3rd period - Brendan Mikkelson is hit by Nick Palmieri and loses puck.
18:11 of 3rd period - Chris Campoli is hit by Patrik Berglund and loses puck.
18:48 of 3rd period - Icing by Derek Meech.
18:49 of 3rd period - David Legwand wins face-off versus Mikhail Grabovski in Flames zone.
18:50 of 3rd period - Sharks, Tyler Weiman is pulled from the net.
19:02 of 3rd period - Snap shot by Maxim Afinogenov.
19:02 of 3rd period - Stopped by Pekka Rinne with a rebound.
19:04 of 3rd period - Backhand shot by Boris Valabik.
19:04 of 3rd period - Goal by Boris Valabik - Sharks : 3 - Flames : 3.
19:04 of 3rd period - Tyler Weiman from Sharks was sent back in the game.
19:05 of 3rd period - Colin Wilson wins face-off versus Frans Nielsen in neutral zone.
19:26 of 3rd period - Minor Penalty to Erik Cole for Holding.
19:27 of 3rd period - Eric Staal wins face-off versus David Legwand in Sharks zone.
19:42 of 3rd period - Slapshot by Kevin Shattenkirk.
19:42 of 3rd period - Deflect By Eric Staal.
19:42 of 3rd period - Stopped by Pekka Rinne without a rebound.
19:43 of 3rd period - Eric Staal wins face-off versus David Legwand in Flames zone.
Goals for this period are 2 for Sharks vs 0 for Flames.
Shots for this period are 10 for Sharks vs 10 for Flames.
Overtime #1
0:01 of 1st overtime period - David Legwand wins face-off versus Eric Staal in neutral zone.
0:50 of 1st overtime period - Snap shot by Brad Marchand.
0:50 of 1st overtime period - Goal by Brad Marchand - Sharks : 3 - Flames : 4.
Goals for this period are 0 for Sharks vs 1 for Flames.
Shots for this period are 0 for Sharks vs 1 for Flames.
Back to the Top